[Event "Early-Titled-Tuesday-Blitz-March-26-2024"]
[Site "Chess.com"]
[Date "2024.03.26"]
[Round "1"]
[White "chess_blitz00"]
[Black "Sanan_Sjugirov"]
[Result "0-1"]
[WhiteElo "2535"]
[BlackElo "3022"]
[TimeControl "180+1"]
[EndTime "8:06:50 PDT"]
[Termination "Sanan_Sjugirov won by resignation"]

1. e4 c5 2. Nf3 Nc6 3. Bb5 g6 4.
Bxc6 bxc6 5. O-O Bg7 6. c3 Nf6 7. Re1 O-O 8. d4 d5 9. e5 Ne4 10. h3 cxd4 11. cxd4 f6 12. exf6 exf6 13. Nc3 Re8 14.
Bf4 g5 15. Bh2 Bf5 16. Qa4 Qd7 17. Rac1 Rac8 18. Nxe4 dxe4 19. Nd2 Bg6 20. Nb3 f5 21. Nc5 Qf7 22. h4 h6 23. hxg5 hxg5 24. Be5 Bxe5 25.
dxe5 Rxe5 26. Red1 Rd5 27. Nb3 f4 28. Rxd5 Qxd5 29.
Qxa7 Re8 30. Qd4 e3 31. fxe3 fxe3 32. Qxd5+ cxd5 33. Nd4 Bd3 34. Re1 Re4 35. Nf3 g4 36. Nh2 d4 37. Nf1 Bxf1 38. Kxf1 d3 39. Rc1 Rf4+ 40. Ke1 d2+ 41. Ke2 dxc1=Q 0-1

[Event "Early-Titled-Tuesday-Blitz-March-26-2024"]
[Site "Chess.com"]
[Date "2024.03.26"]
[Round "1"]
[White "vlad10898"]
[Black "MVM2008"]
[Result "1-0"]
[WhiteElo "2881"]
[BlackElo "2485"]
[TimeControl "180+1"]
[EndTime "8:06:50 PDT"]
[Termination "vlad10898 won on time"]

1. d4 Nf6 2. Nf3 e6 3. Bf4 b5 4. e3 a6 5. Nbd2 Bb7 6. Bd3 c5 7. c3 Nc6 8. e4 cxd4 9. cxd4 d5 10. e5 Nd7 11. O-O Be7 12. Rc1 g5 13. Be3 h5 14.
Ne1 Qb6 15. Nc2 g4 16. f4 O-O-O 17. f5 Kb8 18. a3 Bf8 19. Qe2 Na5 20. b3 Rc8 21. fxe6 fxe6 22. Rf7 Rc7 23. Qf1 Bh6 24. Bxh6 Rxh6 25. Rxd7 Rxc2 26. Rxc2 Qxd4+ 27. Kh1 Qxe5 28. Qf8+ Ka7 29. Qxh6 Nxb3 30. Nf1 Nd4 31. Rcc7 1-0

[Event "Early-Titled-Tuesday-Blitz-March-26-2024"]
[Site "Chess.com"]
[Date "2024.03.26"]
[Round "1"]
[White "Vision_64"]
[Black "Vahe_Danielyan"]
[Result "0-1"]
[WhiteElo "2255"]
[BlackElo "2619"]
[TimeControl "180+1"]
[EndTime "8:06:50 PDT"]
[Termination "Vahe_Danielyan won on time"]

1. e4 c6 2. d4 d5 3. exd5 cxd5 4. Bd3 Nc6 5. c3 Nf6 6. Bf4 Bg4 7. Qb3 e5 8. dxe5 Nh5 9. Be3 Nxe5 10. Bb5+ Nc6 11.
Nd2 Be6 12. Qa4 Qc7 13. Ngf3 Bd6 14. Nd4 Bd7 15. N2f3 O-O 16. O-O a6 17. Bxc6 bxc6 18. Qc2 g6 19. h3 c5 20. Ne2 Rae8 21. Qd2 Bc6 22. Bh6 Ng7 23. Nf4 Qb7 24. Rad1 d4 25. Ne1 Re4 26. cxd4 Bxf4 27. Bxf4 Rxd4 28. Qc1 Ne6 29.
Be3 Rxd1 30. Qxd1 Bb5 31. Nd3 Rd8 32. Nxc5 Rxd1 33. Rxd1 Nxc5 34. Bxc5 f5 35. Rd8+ Kf7 0-1

[Event "Early-Titled-Tuesday-Blitz-March-26-2024"]
[Site "Chess.com"]
[Date "2024.03.26"]
[Round "1"]
[White "zubridis"]
[Black "AryanTari"]
[Result "0-1"]
[WhiteElo "2532"]
[BlackElo "3010"]
[TimeControl "180+1"]
[EndTime "8:06:51 PDT"]
[Termination "AryanTari won on time"]

1. e4 e5 2. Nf3 Nc6 3. Bc4 Nf6 4. d3 Bc5 5. O-O d6 6. Be3 Bb6 7. d4 O-O 8. dxe5 Nxe5 9. Nxe5 dxe5 10. Qe2 Qe7 11.
Nd2 Be6 12. Bxe6 Qxe6 13. f3 Nh5 14. g3 Rad8 15. Rfd1 h6 16. a4 Rd7 17. Nc4 Rfd8 18. b3 Nf6 19. Rxd7 Qxd7 20. Nxe5 Qd2 21. Qxd2 Rxd2 22.
Bxb6 axb6 23. Rc1 g5 24. g4 h5 25. h3 h4 26. Nc4 Re2 27. Kf1 Rh2 28. Kg1 Rxh3 29. Kg2 Rg3+ 30. Kf2 Nd7 31. Rd1 Nc5 32. Rd8+ Kg7 33. Rd1 Ne6 0-1

[Event "Early-Titled-Tuesday-Blitz-March-26-2024"]
[Site "Chess.com"]
[Date "2024.03.26"]
[Round "1"]
[White "astralpulse"]
[Black "rhwr"]
[Result "1-0"]
[WhiteElo "2640"]
[BlackElo "2305"]
[TimeControl "180+1"]
[EndTime "8:06:54 PDT"]
[Termination "astralpulse won by resignation"]

1. Nf3 c5 2. c4 Nf6 3. e3 g6 4. b3 Bg7 5. Bb2 O-O 6. Be2 Nc6 7. O-O Re8 8. Nc3 e5 9. d3 d5 10. cxd5 Nxd5 11. Nxd5 Qxd5 12. Rc1 b6 13. Nd2 Bb7 14. Ne4 Rad8 15. a3 h6 16. Qc2 Na5 17. b4 f5 18.
bxa5 fxe4 19. d4 Kh7 20. a6 Ba8 21. Bb5 Rf8 22. dxc5 Rc8 23. Rfd1 Qxc5 24. Qxc5 bxc5 25. Rd7 Bc6 26. Bxc6 Rxc6 27. Bxe5 Rg8 28. Rxa7 c4 29. h3 c3 30. Rxc3 Rxc3 31. Bxc3 1-0

[Event "Early-Titled-Tuesday-Blitz-March-26-2024"]
[Site "Chess.com"]
[Date "2024.03.26"]
[Round "1"]
[White "Winner_7777"]
[Black "AnaKuchava"]
[Result "1-0"]
[WhiteElo "2580"]
[BlackElo "2126"]
[TimeControl "180+1"]
[EndTime "8:06:54 PDT"]
[Termination "Winner_7777 won on time"]

1. d4 d5 2. c4 e6 3. Nc3 Be7 4. Nf3 Nf6 5. Bg5 O-O 6. cxd5 exd5 7. e3 c6 8. Bd3 Bg4 9. Qc2 h6 10. Bh4 Bxf3 11. gxf3 Na6 12. a3 c5 13. Bxa6 bxa6 14. dxc5 Bxc5 15. Rd1 d4 16. Ne4 Be7 17. Rxd4 Qb6 18.
O-O Rac8 19. Qb1 Rfe8 20. Bxf6 Bxf6 21. Rd6 Rc6 22. Nxf6+ gxf6 23. Rd4 f5 24. Kh1 Rg6 25. b4 Qc6 26. Qxf5 Re5 27. Qf4 1-0

[Event "Early-Titled-Tuesday-Blitz-March-26-2024"]
[Site "Chess.com"]
[Date "2024.03.26"]
[Round "1"]
[White "Jospem"]
[Black "AGW2016"]
[Result "1-0"]
[WhiteElo "3083"]
[BlackElo "2547"]
[TimeControl "180+1"]
[EndTime "8:06:55 PDT"]
[Termination "Jospem won by resignation"]

1. e4 e5 2. Nf3 Nc6 3. Nc3 Nf6 4. h3 g6 5. Bc4 Bg7 6. d3 O-O 7. Bg5 d6 8. Qd2 Be6 9. O-O-O Qd7 10. h4 h5 11. Kb1 Nd4 12. Bxe6 Nxe6 13. Bxf6 Bxf6 14. Rdg1 Ng7 15. g4 hxg4 16. Nh2 Nh5 17. Nxg4 Bg7 18. Ne2 d5 19. Qg5 dxe4 20. dxe4 Qd8 21. Nh6+ Kh7 22. Nf5 Qf6 23. Qg4 Rad8 24. a3 Rd2 25. Nxg7 Qxg7 26.
Ng3 Nxg3 27. fxg3 f5 28. exf5 gxf5 29. Qb4 Rfd8 30. g4 f4 31. h5 Qg5 32. Qxb7 R8d7 33. Qe4+ Kh6 34. Re1 Re7 35. Qb4 f3 36. Rhf1 Rd4 37.
Qc3 Rxg4 38. Rxf3 Rf4 39. Rfe3 e4 40. Qc6+ Qf6 41. Qxf6+ Rxf6 42. Rxe4 Rxe4 43. Rxe4 Kxh5 44. Rc4 c6 45. Rd4 Rf7 46. b4 Kg5 47. Kb2 Kf5 48.
Kc3 Ke5 49. Rd8 Rf3+ 50. Kb2 Rf7 51. Kb3 Rf3+ 52. c3 Rf7 53. a4 Rc7 54. Kc4 Re7 55. Kc5 Rc7 56. a5 Ke4 57. Rd6 1-0

[Event "Early-Titled-Tuesday-Blitz-March-26-2024"]
[Site "Chess.com"]
[Date "2024.03.26"]
[Round "1"]
[White "crescentmoon2411"]
[Black "tusplingher"]
[Result "1/2-1/2"]
[WhiteElo "2890"]
[BlackElo "2502"]
[TimeControl "180+1"]
[EndTime "8:06:55 PDT"]
[Termination "Game drawn by repetition"]

1. d4 Nf6 2. c4 c5 3. d5 b5 4. cxb5 a6 5. bxa6 g6 6. Nc3 Bg7 7. e4 d6 8. Nf3 O-O 9. h3 Bxa6 10. Be2 Qa5 11. O-O Bxe2 12. Qxe2 Qa6 13. Re1 Qxe2 14. Rxe2 Na6 15. Bg5 Rfb8 16. e5 dxe5 17.
Nxe5 Nb4 18. Rd1 h6 19. Bxf6 Bxf6 20. Nd7 Rd8 21. Nxf6+ exf6 22. a3 Na6 23. Re7 c4 24.
Ne4 f5 25. Nf6+ Kg7 26. Nd7 Ra7 27. Nc5 Rxe7 28. Nxa6 Re2 29. Nb4 Rxb2 30. Rc1 Rb3 31. Rxc4 Rxa3 32. g3 Ra4 33. Kg2 Rb8 34. Nc6 Rxc4 35.
Nxb8 Rd4 36. Nc6 Rxd5 37. Nb4 Rd6 38. Nc2 Kf6 39. Ne3 Re6 40. Nd5+ Ke5 41. Nf4 Rd6 42. h4 g5 43. hxg5 hxg5 44. Nh3 f6 45. f4+ Ke4 46. fxg5 Rd2+ 47. Kg1 fxg5 48. Nxg5+ Ke3 49. Kf1 Ra2 50. Kg1 Ra6 51. Kg2 Rg6 52.
Nh3 Rg4 53. Nf2 Rg8 54. Nh3 Ke4 55. Nf2+ Ke5 56. Kf3 Ra8 57. Nd3+ Kf6 58. Nf2 Ra3+ 59. Kf4 Ra4+ 60. Kf3 Rd4 61. Nh3 Ke5 62. Nf2 Ra4 63. Kg2 Ra3 64. Nh3 Kd4 65. Ng5 Ke3 66. Kg1 Ra2 67.
Kf1 Rb2 68. Kg1 Rf2 69. Nh3 Rd2 70. Ng5 Rd1+ 71. Kg2 Rd2+ 72. Kg1 Rd1+ 73. Kg2 Rd2+ 74. Kg1 1/2-1/2

[Event "Early-Titled-Tuesday-Blitz-March-26-2024"]
[Site "Chess.com"]
[Date "2024.03.26"]
[Round "1"]
[White "vasblesk"]
[Black "GrotBchess"]
[Result "1-0"]
[WhiteElo "2786"]
[BlackElo "2437"]
[TimeControl "180+1"]
[EndTime "8:06:55 PDT"]
[Termination "vasblesk won by resignation"]

1. d4 Nf6 2. c4 e6 3. g3 d5 4. Bg2 Be7 5. Nf3 O-O 6. O-O dxc4 7. Qc2 b6 8. Ne5 Qxd4 9. Bxa8 Qxe5 10. Bf3 b5 11. a4 a6 12. Bf4 Qc5 13. Be3 Qd6 14. Rd1 Nd5 15. Bf4 Qc5 16. Nc3 Nxf4 17. gxf4 Nc6 18.
axb5 axb5 19. Qe4 Bb7 20. Qe3 Qxe3 21. fxe3 Bc5 22. Kf2 b4 23. Nb5 Bb6 24. Rac1 Na5 25. Bxb7 Nxb7 26. Rxc4 c5 27. Rcc1 h6 28. Rd7 Na5 29. Nd6 Nb3 30. Rc2 g5 31. Nc4 Bd8 32.
Rd3 Na5 33. Nxa5 Bxa5 34. Rxc5 Bb6 35. Rb5 Rb8 36. Kf1 Kg7 37. Rd6 Bc7 38. Rxb8 Bxd6 39. Rb6 Bc5 40. Rb5 Bxe3 41. fxg5 Bd2 42. gxh6+ Kxh6 43. Kg2 Kg6 44. Kf3 f5 45. e4 f4 46. h4 Kf6 47. h5 e5 48. Rb6+ Kg5 49. h6 Bc1 50. h7 Bxb2 51. h8=Q 1-0

[Event "Early-Titled-Tuesday-Blitz-March-26-2024"]
[Site "Chess.com"]
[Date "2024.03.26"]
[Round "1"]
[White "GHANDEEVAM2003"]
[Black "Herman-NY"]
[Result "1/2-1/2"]
[WhiteElo "3065"]
[BlackElo "2550"]
[TimeControl "180+1"]
[EndTime "8:06:56 PDT"]
[Termination "Game drawn by agreement"]

1. Nf3 Nf6 2. b3 d6 3. d4 g6 4.
Bb2 Bg7 5. g3 c5 6. c4 Ne4 7. Bg2 Qa5+ 8. Nbd2 Nc6 9. e3 Bg4 10.
h3 Bxf3 11. Bxf3 Nxd2 12. Qxd2 Qxd2+ 13. Kxd2 cxd4 14. Bxc6+ bxc6 15. Bxd4 Bxd4 16. exd4 a5 17. Kc3 Kd7 18. Rhe1 h5 19. Re4 e6 20. Rae1 Rhe8 21.
g4 hxg4 22. hxg4 g5 23. R4e3 Rh8 24. Rf3 Ke7 25. Rf5 f6 26. Rf3 Kf7 27. Rfe3 Rae8 28. Kb2 Rh4 29. f3 Rh2+ 30. Ka3 e5 31. dxe5 Rxe5 32.
Rxe5 fxe5 33. Re3 Ke6 34. Rc3 d5 35. cxd5+ Kxd5 36. Rd3+ Kc5 37. Re3 Kd5 38. Re4 Rf2 39.
Ra4 Rxf3 40. Rxa5+ Kd6 41. Ra8 e4 42. Re8 Kd5 43.
Kb4 e3 44. a4 Rf4+ 45. Kc3 Re4 46. Rd8+ Kc5 47. Rd1 e2 48. Re1 Rxg4 49. Rxe2 Rg3+ 50.
Kb2 g4 51. Re5+ Kb6 52. a5+ Ka6 53. Ka3 Rg1 54. Kb4 g3 55. Rc5 Kb7 56. Rg5 g2 57. Rg6 Kc7 58. Rg7+ Kd6 59. a6 Ra1 60. Rxg2 Rxa6 61.
Rg6+ Kc7 62. Kc4 Kb6 63. b4 Ra1 64. Kb3 Rb1+ 65. Kc3 Rc1+ 66. Kb2 Rf1 67. Kb3 Rf3+ 68. Ka4 Rf5 69. Rg4 Re5 70. Rd4 Rf5 71. Rd8 Re5 72.
Rb8+ Kc7 1/2-1/2

[Event "Early-Titled-Tuesday-Blitz-March-26-2024"]
[Site "Chess.com"]
[Date "2024.03.26"]
[Round "1"]
[White "Logman74"]
[Black "tptagain"]
[Result "0-1"]
[WhiteElo "2516"]
[BlackElo "2947"]
[TimeControl "180+1"]
[EndTime "8:06:56 PDT"]
[Termination "tptagain won on time"]

1. e4 d6 2. d4 g6 3. Nc3 Bg7 4. f4 Nc6 5. Bb5 a6 6. Bxc6+ bxc6 7. Nf3 f5 8. e5 Nh6 9. O-O O-O 10. Qe2 Nf7 11.
Be3 e6 12. Rad1 Re8 13. Kh1 a5 14. Rfe1 Bb7 15. Bf2 h6 16. Qc4 g5 17. fxg5 hxg5 18.
exd6 Nxd6 19. Qb3 a4 20. Nxa4 Ne4 21. Bg1 c5 22. Qxb7 Rxa4 23. dxc5 Qe7 24. Qb3 Raa8 25.
c6 Rad8 26. Qc4 g4 27. Nd4 Qh4 28. Rxe4 fxe4 29. Nxe6 Rxd1 30. Ng5+ Kh8 31. Nf7+ Kh7 32. Qe2 Rd5 0-1

[Event "Early-Titled-Tuesday-Blitz-March-26-2024"]
[Site "Chess.com"]
[Date "2024.03.26"]
[Round "1"]
[White "MarijaKuznecova"]
[Black "DeTimmerman"]
[Result "0-1"]
[WhiteElo "2412"]
[BlackElo "2747"]
[TimeControl "180+1"]
[EndTime "8:06:56 PDT"]
[Termination "DeTimmerman won on time"]

1. e4 e5 2. Nf3 Nc6 3. d4 exd4 4. Nxd4 Nf6 5. Nxc6 bxc6 6. e5 Qe7 7. Qe2 Nd5 8. c4 Nb6 9. Nc3 g6 10. Ne4 Qe6 11. Bg5 Bb4+ 12. Kd1 Be7 13. Nf6+ Kd8 14. Bh6 Bxf6 15. exf6 d6 16. Qxe6 Bxe6 17. b3 Nd7 18. Bg7 Re8 19. Bd3 a5 20. Kd2 a4 21. Kc3 Nc5 22. Bc2 axb3 23. axb3 Kd7 24. h4 Rxa1 25. Rxa1 Bf5 26. Bxf5+ gxf5 27. Ra2 Re6 28. f3 Re3+ 29.
Kd2 Rxb3 30. Ra8 Ne6 31. Rh8 Rb2+ 32. Ke3 Rxg2 33. Rxh7 d5 34. h5 Kd6 35. cxd5 cxd5 36.
Bh6 c5 37. Rxf7 c4 38. Bf8+ Ke5 39. f4+ Nxf4 40. Re7+ Ne6 41. Bh6 d4+ 42. Kf3 Rh2 43. Bf4+ Kxf6 44. Rh7 Rh3+ 45. Kg2 Nxf4+ 0-1

[Event "Early-Titled-Tuesday-Blitz-March-26-2024"]
[Site "Chess.com"]
[Date "2024.03.26"]
[Round "1"]
[White "Irina_Baraeva"]
[Black "SAInt_666"]
[Result "0-1"]
[WhiteElo "2393"]
[BlackElo "2737"]
[TimeControl "180+1"]
[EndTime "8:06:57 PDT"]
[Termination "SAInt_666 won by resignation"]

1. d4 Nf6 2. c4 e6 3. Nf3 d5 4. Nc3 Bb4 5. Bg5 Nbd7 6. e3 c5 7. cxd5 exd5 8. Be2 c4 9. O-O Qa5 10. Qc2 O-O 11. Bh4 Re8 12. a3 Bxc3 13. bxc3 Ne4 14. Rfc1 Nb6 15. Nd2 Bf5 16. Nxe4 Bxe4 17. Qd1 Qa4 18. Qxa4 Nxa4 19. Bf3 Bxf3 20. gxf3 b5 21.
Rab1 a6 22. Bg3 f6 23. Rc2 Re6 24. Kf1 Kf7 25. Ke2 h5 26. h4 Kg6 27. Kd2 Kf5 28. Rcc1 g6 29. Rg1 Ra7 30. Bf4 Rg7 31. Rg2 g5 32. Bb8 g4 33. fxg4+ Rxg4 34. Rbg1 Re8 35. Rxg4 hxg4 36. Bg3 Rh8 37. Rb1 Ke4 38. Rc1 Nb2 39. Rb1 Na4 40. Rc1 Kf3 41. Rb1 f5 42. Rc1 Nb2 43. Rb1 Nd3 44. Rf1 Rh7 45. Kd1 a5 46. Kd2 b4 47. axb4 axb4 48. cxb4 Nxb4 49. Rb1 Nd3 50.
Rb5 Rd7 51. h5 Nxf2 52. Bxf2 Kxf2 53. h6 g3 54. h7 Rxh7 55. Rxd5 Rf7 56. Rd6 g2 57. Rg6 g1=Q 58. Rxg1 Kxg1 59. Kc3 Kf2 60. Kxc4 Kxe3 61. d5 f4 0-1

[Event "Early-Titled-Tuesday-Blitz-March-26-2024"]
[Site "Chess.com"]
[Date "2024.03.26"]
[Round "1"]
[White "KVAIDAN"]
[Black "Gennady_Kozlov"]
[Result "0-1"]
[WhiteElo "2333"]
[BlackElo "2664"]
[TimeControl "180+1"]
[EndTime "8:06:58 PDT"]
[Termination "Gennady_Kozlov won by checkmate"]

1. f4 d5 2. Nf3 h6 3. b3 c6 4. Bb2 Bf5 5. e3 Nf6 6. Be2 e6 7. O-O Be7 8. Ne5 O-O 9. d3 Nbd7 10. Nd2 Bh7 11. Ndf3 Nxe5 12. Nxe5 Nd7 13. Nxd7 Qxd7 14. Rf3 Bc5 15. Rg3 f6 16. a4 a5 17. Bh5 Kh8 18. Bg6 Bxg6 19. Rxg6 Rae8 20. Qh5 Bxe3+ 21. Kh1 Bxf4 22.
g3 Be3 23. Rf1 d4 24. Ba3 Rf7 25. Bc5 Qd5+ 26. Qxd5 cxd5 27. h4 Rc8 28. Bb6 Rxc2 29.
Bxa5 Rb2 30. b4 Rd2 31. Bb6 Rxd3 32. a5 Bd2 33. b5 h5 34. a6 bxa6 35. bxa6 Kh7 36.
a7 Ra3 37. Bc5 Ra4 38. Rb1 Kxg6 39. Rb8 Rfxa7 40. Bxa7 Rxa7 41. Kg2 e5 42. Kh3 Ra3 43. Kg2 Be1 44. Rb1 Bxg3 45. Kh3 Bf4+ 46. Kg2 d3 47.
Rg1 d2 48. Kh1+ Kf5 49. Rd1 Rc3 50. Kg2 Rc1 51. Rxd2 Bxd2 52. Kh3 Bf4 53. Kg2 d4 54. Kh3 e4 55. Kg2 Kg4 56. Kf2 Kxh4 57. Ke2 g5 58.
Kf2 g4 59. Kg2 Kg5 60. Kf2 Be3+ 61. Ke2 Rc2+ 62. Ke1 Rd2 63. Kf1 f5 64. Ke1 f4 65.
Kf1 h4 66. Ke1 h3 67. Kf1 g3 68. Ke1 f3 69. Kf1 Bf4 70. Ke1 e3 71. Kf1 d3 72.
Ke1 h2 73. Kf1 g2+ 74. Ke1 Ra2 75. Kd1 f2 76. Kc1 e2+ 77. Kb1 Rc2 78. Ka1 d2 79. Kb1 d1=Q# 0-1

[Event "Early-Titled-Tuesday-Blitz-March-26-2024"]
[Site "Chess.com"]
[Date "2024.03.26"]
[Round "1"]
[White "Blackwhite017"]
[Black "Kostya0705"]
[Result "0-1"]
[WhiteElo "2094"]
[BlackElo "2573"]
[TimeControl "180+1"]
[EndTime "8:06:58 PDT"]
[Termination "Kostya0705 won on time"]

1. e4 c5 2. Nf3 e6 3. d4 cxd4 4.
Nxd4 Nc6 5. Nc3 a6 6. Nxc6 bxc6 7. Bd3 d5 8. Qf3 Nf6 9. Qg3 Bb7 10. O-O d4 11.
Ne2 c5 12. Bg5 Be7 13. Bxf6 gxf6 14. f4 Qb6 15. b3 O-O-O 16. f5 Bd6 17. Qh3 Be5 18.
Nf4 Rde8 19. Nh5 Ref8 20. a3 Kd7 21. b4 cxb4 22. axb4 Rhg8 23. Ra4 Rg5 24. Rfa1 exf5 25. b5 axb5 26. Ra5 Bc6 27. Ra6 Qb7 28. Ra7 Kd6 29.
Rxb7 Bxb7 30. Ra7 Bc6 31. Ra6 Kc5 32. Ng3 Bxg3 0-1

[Event "Early-Titled-Tuesday-Blitz-March-26-2024"]
[Site "Chess.com"]
[Date "2024.03.26"]
[Round "1"]
[White "blitzking1729"]
[Black "stasOR4ik"]
[Result "1-0"]
[WhiteElo "2769"]
[BlackElo "2421"]
[TimeControl "180+1"]
[EndTime "8:06:59 PDT"]
[Termination "blitzking1729 won by checkmate"]

1. g3 d5 2. Bg2 e5 3. d3 Nf6 4.
Nf3 Bd6 5. O-O O-O 6. Nbd2 Bg4 7.
e4 dxe4 8. dxe4 Nc6 9. c3 a5 10. a4 Bc5 11. Qe2 Qc8 12. Rd1 Qe6 13. Nf1 Rfd8 14. Re1 Rd7 15. h3 Bh5 16. g4 Bg6 17. Ng3 Rad8 18. Nh4 Qb3 19. Bg5 h6 20. Be3 Bxe3 21.
Qxe3 Rd2 22. g5 hxg5 23. Qxg5 Qxb2 24. Rf1 Rxf2 25. Rxf2 Qxa1+ 26. Kh2 Qxc3 27. Nxg6 fxg6 28. Qxg6 Rf8 29. Nf5 Rf7 30. Nh6+ Kh8 31. Nxf7+ Kg8 32. Rxf6 Qd3 33. Nh6+ Kh8 34. Rf8# 1-0

[Event "Early-Titled-Tuesday-Blitz-March-26-2024"]
[Site "Chess.com"]
[Date "2024.03.26"]
[Round "1"]
[White "DinaBelenkaya"]
[Black "temus_galaktionov"]
[Result "0-1"]
[WhiteElo "2480"]
[BlackElo "2878"]
[TimeControl "180+1"]
[EndTime "8:07:00 PDT"]
[Termination "temus_galaktionov won on time"]

1. e4 c6 2. d4 g6 3. Nc3 d6 4. g3 Bg7 5. Bg2 Nd7 6. f4 e5 7.
dxe5 dxe5 8. Nf3 Ngf6 9. Be3 Qe7 10. Qe2 O-O 11. O-O-O Re8 12. f5 b5 13. Nh4 Nc5 14. Bg5 h6 15. fxg6 hxg5 16. Nf5 Bxf5 17. exf5 e4 18.
Qe3 fxg6 19. Qxg5 gxf5 20. Qxf5 Qe5 21. Qg6 Re6 22. Rhf1 Rf8 23. Rf5 Nfd7 24. Rxe5 Rxg6 25. Re7 Rf7 26. Re8+ Nf8 27. Rc8 Bxc3 28. bxc3 Re6 29.
Bh3 Rh6 30. Bg4 Kg7 31. h4 Na4 32. c4 bxc4 33. Rdd8 c3 34. Kd1 Rhf6 35. Ke2 Rf2+ 36. Ke3 Rxc2 37. h5 Rh2 38. Kxe4 c2 39. Rxc6 Nh7 40.
Bf5 Nf6+ 41. Ke5 Rxh5 0-1

[Event "Early-Titled-Tuesday-Blitz-March-26-2024"]
[Site "Chess.com"]
[Date "2024.03.26"]
[Round "1"]
[White "forevery0ung"]
[Black "Kavyev_Ruslan"]
[Result "1-0"]
[WhiteElo "2737"]
[BlackElo "2403"]
[TimeControl "180+1"]
[EndTime "8:07:00 PDT"]
[Termination "forevery0ung won on time"]

1. c3 c5 2. d4 cxd4 3. cxd4 Nf6 4. Bg5 Ne4 5. Bf4 d5 6. Nd2 Bf5 7. Nxe4 Bxe4 8. f3 Bg6 9. e3 Nc6 10. Ne2 e6 11. Nc3 Bd6 12. Bxd6 Qxd6 13. Nb5 Qb4+ 14.
Qd2 Qxd2+ 15. Kxd2 Kd7 16. h4 h5 17. Be2 a6 18.
Nc3 Rac8 19. Na4 Kc7 20. Rac1 Kb8 21. Nc5 Rc7 22. Rc3 Ka7 23. Rhc1 Rhc8 24. f4 Ne7 25. Ra3 Nf5 26. Rcc3 Rc6 27. b4 Nxh4 28. b5 Rb6 29. Nd7 Rxc3 30. Rxc3 Rd6 31. b6+ Rxb6 32. Nxb6 Kxb6 33.
Bf1 Be4 34. g3 Nf5 35. Rc8 Nxg3 36. Bh3 g6 37. Rf8 f5 38. Rf6 h4 39. Rxe6+ 1-0

[Event "Early-Titled-Tuesday-Blitz-March-26-2024"]
[Site "Chess.com"]
[Date "2024.03.26"]
[Round "1"]
[White "vladislavkovalev"]
[Black "ilushka"]
[Result "0-1"]
[WhiteElo "2863"]
[BlackElo "2499"]
[TimeControl "180+1"]
[EndTime "8:07:02 PDT"]
[Termination "ilushka won by resignation"]

1. e4 e6 2. d4 d5 3. exd5 exd5 4.
Nf3 Nc6 5. c4 Bb4+ 6. Nc3 Be6 7.
a3 Bxc3+ 8. bxc3 dxc4 9. Rb1 Nge7 10. Rxb7 O-O 11. Be2 Nd5 12. Bd2 Nb6 13. Bf4 Nd5 14. Qd2 Na5 15. Bg5 f6 16. Rb5 c6 17. Rc5 Nb3 18.
Rxc6 Nxd2 19. Bxd2 Qd7 20. Rxc4 Rfc8 21. Rxc8+ Rxc8 22. c4 Nb6 23. d5 Bf7 24. O-O Nxc4 25. Bb4 Bxd5 26. Rd1 Qf7 27. Nd4 Nb6 28. Nf5 Rd8 29.
Ne7+ Kh8 30. Bg4 g6 31. Bc5 h5 32. Bf3 Rd7 33. Bxb6 Qxe7 34. Bxd5 Rxd5 0-1

[Event "Early-Titled-Tuesday-Blitz-March-26-2024"]
[Site "Chess.com"]
[Date "2024.03.26"]
[Round "1"]
[White "LeRoidesChampions"]
[Black "Levanzovsky"]
[Result "0-1"]
[WhiteElo "2693"]
[BlackElo "2395"]
[TimeControl "180+1"]
[EndTime "8:07:02 PDT"]
[Termination "Levanzovsky won by checkmate"]

1. d4 Nf6 2. Bf4 d6 3. Nd2 Nc6 4. e3 e5 5. dxe5 dxe5 6. Bg3 Bg4 7. Be2 h5 8. h3 Bxe2 9. Nxe2 h4 10. Bh2 Bd6 11. Nc3 Qe7 12. Qe2 O-O-O 13. O-O-O Bb4 14. Nde4 Nxe4 15. Nxe4 f5 16. Nd2 Bxd2+ 17. Rxd2 Rxd2 18.
Qxd2 Rd8 19. Qe2 Qg5 20. f4 exf4 21. Bxf4 Qf6 22. Rd1 g5 23. Bh2 Rxd1+ 24. Qxd1 b6 25. Qd5 Kb7 26. Qd7 Qe7 27. Qd2 Qe4 28. b3 a5 29. Kb1 Nb4 30. Kb2 Nd5 31. Bg1 a4 32. c4 Qe5+ 33. Kb1 Nc3+ 34. Kc1 a3 35. Bf2 Ne4 36. Qd7 Qb2+ 37. Kd1 Nc3+ 38. Ke1 Qe2# 0-1

[Event "Early-Titled-Tuesday-Blitz-March-26-2024"]
[Site "Chess.com"]
[Date "2024.03.26"]
[Round "1"]
[White "C_K_G"]
[Black "Sanyura"]
[Result "1-0"]
[WhiteElo "2239"]
[BlackElo "2591"]
[TimeControl "180+1"]
[EndTime "8:07:02 PDT"]
[Termination "C_K_G won by resignation"]

1. e4 c6 2. Nf3 d5 3. Nc3 Bg4 4.
exd5 cxd5 5. Bb5+ Nc6 6. Ne5 Bxd1 7. Nxc6 Qb6 8. Nxd5 Qc5 9. Na5+ Qxb5 10. Nc7+ Kd7 11. Nxb5 Bxc2 12. Nxb7 Rb8 13. Nc5+ Kc6 14. Nd4+ Kxc5 15.
Nxc2 e5 16. b3 Ne7 17. Bb2 Nc6 18. O-O Rd8 19. Bc3 Kb6 20. Rfe1 Bc5 21. Ne3 f6 22.
Kf1 Rd3 23. Nc4+ Kb7 24. Nb2 Rd5 25. Na4 Bd4 26. Rac1 Bxc3 27. dxc3 Rhd8 28. b4 Rd2 29. Nc5+ Kc8 30. Re2 R2d5 31. a4 h5 32. Ke1 h4 33.
h3 Ne7 34. a5 Ng6 35. Ne6 R8d7 36. c4 R5d6 37. Nc5 Nf4 38. Nxd7 Nd3+ 39. Kd2 Nxb4+ 40. Kc3 Na2+ 41. Rxa2 1-0

[Event "Early-Titled-Tuesday-Blitz-March-26-2024"]
[Site "Chess.com"]
[Date "2024.03.26"]
[Round "1"]
[White "Igor_Lysyj"]
[Black "LLariMarc"]
[Result "1-0"]
[WhiteElo "2834"]
[BlackElo "2464"]
[TimeControl "180+1"]
[EndTime "8:07:03 PDT"]
[Termination "Igor_Lysyj won by resignation"]

1. d4 f5 2. Nf3 Nf6 3. g3 e6 4. Bg2 d5 5. Bf4 Bd6 6. e3 O-O 7. O-O Nbd7 8. c4 Ne4 9. Qc2 c6 10. Nc3 Ndf6 11. c5 Bxf4 12. exf4 Bd7 13. b4 Be8 14.
Rfe1 h6 15. Ne5 Nd7 16. Nd3 g5 17. f3 Nxc3 18. Qxc3 Qf6 19. fxg5 hxg5 20. f4 g4 21. Re3 Bf7 22. Rae1 Kg7 23. Nf2 Rh8 24. h4 gxh3 25.
Nxh3 Rag8 26. Ng5 Nf8 27. Kf2 Rh2 28. Rh1 Rgh8 29. Ree1 Rxh1 30. Rxh1 Rxh1 31. Bxh1 Qh6 32. Bg2 Nh7 33. Nxh7 Kxh7 34. Qe3 Qf6 35. a4 a6 36. Bf1 Be8 37. Be2 Kg7 38. Ke1 Kf7 39. Kd2 Ke7 40.
Qe5 Qxe5 41. fxe5 Kf7 42. Ke3 Kg6 43. Kf4 Bd7 44. Bd3 Kh5 45. Bc2 Be8 46. Bxf5 exf5 47. Kxf5 Kh6 48. Kf6 Kh5 49. Ke7 Bg6 50. Kd8 Kg4 51.
Kc7 Kxg3 52. Kxb7 Kf4 53. Kxa6 Ke4 54. b5 Kxd4 55. b6 1-0

[Event "Early-Titled-Tuesday-Blitz-March-26-2024"]
[Site "Chess.com"]
[Date "2024.03.26"]
[Round "1"]
[White "RobertDowneyJr0111"]
[Black "CURRUTACO59"]
[Result "1-0"]
[WhiteElo "2636"]
[BlackElo "2298"]
[TimeControl "180+1"]
[EndTime "8:07:05 PDT"]
[Termination "RobertDowneyJr0111 won on time"]

1. e4 e5 2. Nf3 Nc6 3. Bb5 Bc5 4. O-O Nd4 5. Bc4 Nxf3+ 6. Qxf3 Nf6 7. d3 d6 8. h3 h6 9. Be3 Bb6 10. a4 c6 11. Nc3 O-O 12. Ba2 Be6 13. Ne2 Bxa2 14.
Rxa2 d5 15. Ng3 Nh7 16. Nf5 Qf6 17. a5 Bc7 18. Qg4 Kh8 19. c3 a6 20. Raa1 Rad8 21. b4 dxe4 22. dxe4 Rd3 23. Rac1 Rfd8 24. Rfd1 Nf8 25.
Qe2 R3d7 26. Rxd7 Rxd7 27. Rf1 Ne6 28. g3 Ng5 29. Bxg5 Qxg5 30. Rd1 Qd8 31. Rxd7 Qxd7 32. Kg2 Bd8 33. h4 Bf6 34. h5 Qd8 35. Qf3 Kh7 36. Ne3 g6 37. Ng4 Bg7 38. Qxf7 gxh5 39. Qxh5 1-0

[Event "Early-Titled-Tuesday-Blitz-March-26-2024"]
[Site "Chess.com"]
[Date "2024.03.26"]
[Round "1"]
[White "flawian2008"]
[Black "only_strong_moves"]
[Result "0-1"]
[WhiteElo "2377"]
[BlackElo "2709"]
[TimeControl "180+1"]
[EndTime "8:07:07 PDT"]
[Termination "only_strong_moves won by resignation"]

1. e4 e5 2. Nf3 Nc6 3. Bb5 a6 4. Ba4 Nge7 5. O-O Ng6 6. c3 d5 7. exd5 Qxd5 8. d4 Bg4 9. Nbd2 O-O-O 10. Bb3 Qd7 11. h3 Be6 12. Bxe6 Qxe6 13. Re1 f6 14. Qa4 Bd6 15. Ne4 Rhe8 16. Bd2 Bf8 17. Rad1 h6 18. Bc1 f5 19. Ng3 e4 20. c4 Qf7 21. d5 Nb4 22. Nd4 Nd3 23. Re2 Nxc1 24. Rxc1 Nf4 25. Re3 Bc5 26. Ngxf5 g6 27. b4 Ba7 28. Nc6 Bxe3 29.
Nxe3 Ne2+ 30. Kf1 Nxc1 31. b5 Nd3 32. Nd1 Rxd5 33. bxa6 bxc6 34. Qxc6 Rc5 35. Qb7+ Kd7 36. a7 Rf5 37. Kg1 Rxf2 38. Nxf2 Qxf2+ 39. Kh2 Qf4+ 40. Kg1 Qe3+ 41. Kh2 Qb6 42. Qd5+ Qd6+ 43. Qxd6+ cxd6 0-1